 Dungeon Crawl Stone Soup version 0.23.2-40-g277498a (webtiles) character file.

Game seed: 6395713849398130209

94 Fang the Skirmisher (level 4, -2/29 HPs)
             Began as a Gargoyle Berserker on Oct 23, 2019.
             Was a Believer of Trog.
             Slain by an orc (4 damage)
             ... on level 3 of the Dungeon.
             The game lasted 00:02:19 (1693 turns).

Fang the Skirmisher (Gargoyle Berserker)            Turns: 1693, Time: 00:02:19

Health: -2/29      AC:  5    Str: 21    XL:     4   Next: 63%
Magic:  4/4        EV: 12    Int:  8    God:    Trog [**....]
Gold:   117        SH:  0    Dex:  9    Spells: 3/3 levels left

rFire    . . .     SeeInvis .   a - +0 hand axe
rCold    . . .     Gourm    .   (no shield)
rNeg     + . .     Faith    .   b - +0 animal skin
rPois    ∞         Spirit   .   (no helmet)
rElec    +         Reflect  .   (no cloak)
rCorr    .         Harm     .   (no gloves)
MR       .....                  (no boots)
Stlth    +.........             (no amulet)
HPRegen  0.09/turn              (no ring)
MPRegen  0.09/turn              (no ring)

@: berserk cooldown, slowed, very slow
A: negative energy resistance 1, electricity resistance, unbreathing,
petrification resistance, rot immunity, AC +3
a: Berserk, Trog's Hand, Renounce Religion


You were on level 3 of the Dungeon.
You worshipped Trog.
Trog was pleased with you.
You were hungry.

You visited 1 branch of the dungeon, and saw 3 of its levels.

You collected 117 gold pieces.

Inventory:

Hand Weapons
 a - a +0 hand axe (weapon)
Armour
 b - a +0 animal skin (worn)
Scrolls
 e - 2 scrolls of magic mapping {unknown}
 g - a scroll of fog {unknown}
 h - 2 scrolls of identify {unknown}
 j - a scroll of amnesia {unknown}
 m - a scroll of immolation {unknown}
 o - 2 scrolls of teleportation {unknown}
 p - a scroll of blinking {unknown}
Potions
 d - 2 potions of curing {unknown}
 i - 2 potions of mutation {unknown}
 k - a potion of heal wounds {unknown}
 l - 2 potions of haste {unknown}
 n - a potion of cancellation {unknown}
Comestibles
 c - 7 rations
 f - 8 chunks of flesh


   Skills:
 + Level 4.1 Fighting
 + Level 3.3 Axes
 + Level 3.1 Armour
 + Level 2.3 Dodging


You had 3 spell levels left.
You didn't know any spells.
Your spell library was empty.

Dungeon Overview and Level Annotations

Branches:
Dungeon (3/15)

Altars:
Gozag
Nemelex Xobeh
Qazlal


Innate Abilities, Weirdness & Mutations

You are resistant to torment.
Your stone body is resilient. (AC +3)
You are immune to poison.
You resist negative energy. (rN+)
You are resistant to electric shocks. (rElec)
You can survive without breathing.
You are immune to petrification.
You are immune to rotting.


Message History

You hear the rusting of a distant drain.
Some of the chunks of flesh in your inventory have rotted away.
Things that are here:
a +0 hand axe; a +0 club There isn't anything to butcher here.
You start resting.
Eating one of 9 chunks of flesh.
You eat one of the 9 chunks of flesh.
This raw flesh tastes terrible.
You are feeling hungry.
An orc comes into view.
An orc is nearby!
o - 2 scrolls labeled YPTINT XOAPLUY (gained 1)
The orc shouts!
The orc hits you but does no damage. The orc barely misses you.
The orc hits you.
* * * LOW HITPOINT WARNING * * *
You barely miss the orc. The orc barely misses you. x2
You hit the orc.
The orc is severely wounded.
The orc closely misses you. The orc hits you.
You die...

### ##.##
######...###
#..........#
#..........#
#....).....########
##.#.#....@).)....#
#.#.##.##o######.#
#.#.#####.# ##.#..
..# #..### ....
#.## ..... ##.#
....... #..#
#....... #.##


You could see an orc.

Vanquished Creatures
  Jessica (D:3)
  An adder (D:3)
  3 worms
  A leopard gecko (D:1)
  4 orcs (D:3)
  3 giant cockroaches
  6 goblins
  4 hobgoblins
  3 jackals (D:1)
  2 quokkas (D:3)
  A ball python (D:2)
  5 bats
  2 frilled lizards
  6 kobolds
  2 rats
44 creatures vanquished.

Notes
Turn   | Place    | Note
-------+----------+-------------------------------------------
     0 | D:1      | Fang the Gargoyle Berserker began the quest for the Orb.
     0 | D:1      | Reached XP level 1. HP: 14/14 MP: 1/1
   127 | D:1      | Reached XP level 2. HP: 8/19 MP: 2/2
  1035 | D:2      | Reached XP level 3. HP: 23/23 MP: 3/3
  1303 | D:2      | Found a stormy altar of Qazlal.
  1523 | D:3      | Found a sparkling altar of Nemelex Xobeh.
  1550 | D:3      | Reached ** piety under Trog
  1562 | D:3      | Found an opulent altar of Gozag.
  1637 | D:3      | Noticed Jessica
  1647 | D:3      | Killed Jessica
  1647 | D:3      | Reached skill level 4 in Fighting
  1647 | D:3      | Reached XP level 4. HP: 23/29 MP: 4/4
  1693 | D:3      | Slain by an orc

Skill      XL: |  1  2  3 |
---------------+----------+-----
Axes           | 3 |  3.3
Dodging        | 2 |  2.3
Fighting       | 4 |  4.1
Armour         | 3 |  3.1

Action                   |  1- 3 |  4- 6 || total
-------------------------+-------+-------++-------
Melee: Hand axe          |   129 |    21 ||   150
Invok: Berserk           |       |     1 ||     1
  Eat: Chunk             |     2 |     1 ||     3
Armor: Animal skin       |    55 |     4 ||    59
Dodge: Dodged            |    97 |    12 ||   109
